 Dungeon Crawl Stone Soup version 0.22-a0-443-g17c3723 (webtiles) character file.

4250 Gorglomux the Fighter (level 10, -2/97 HPs)
             Began as a Gargoyle Fighter on June 1, 2018.
             Was a Believer of Okawaru.
             Slain by Pawles22's ghost (11 damage)
             ... on level 9 of the Dungeon.
             The game lasted 00:03:38 (6487 turns).

Gorglomux the Fighter (Gargoyle Fighter)            Turns: 6487, Time: 00:03:38

Health: -2/97      AC: 20    Str: 27    XL:     10   Next: 31%
Magic:  12/12      EV: 12    Int: 10    God:    Okawaru [**....]
Gold:   369        SH: 13    Dex:  9    Spells: 9/9 levels left

rFire    . . .     SeeInvis .   J - +0 war axe (venom)
rCold    . . .     Gourm    .   c - +0 shield
rNeg     + . .     Faith    .   b - +0 scale mail
rPois    ∞         Spirit   .   (no helmet)
rElec    +         Reflect  .   G - +0 cloak
rCorr    .         Harm     .   (no gloves)
MR       .....                  O - +0 pair of boots
Stlth    ..........             i - amulet of magic regeneration
HPRegen  0.26/turn              x - ring of stealth
MPRegen  0.38/turn              U - ring of loudness

@: berserking, heroism, very quick
A: negative energy resistance 1, electricity resistance, unbreathing,
petrification resistance, rot immunity, AC +7
a: Heroism, Renounce Religion


You were on level 9 of the Dungeon.
You worshipped Okawaru.
Okawaru was pleased with you.
You were hungry.

You visited 1 branch of the dungeon, and saw 9 of its levels.

You collected 369 gold pieces.

Inventory:

Hand Weapons
 J - a +0 war axe of venom (weapon)
Armour
 b - a +0 scale mail (worn)
 c - a +0 shield (worn)
 G - a +0 cloak (worn)
 O - a +0 pair of boots (worn)
Jewellery
 i - an amulet of magic regeneration (around neck)
 x - a ring of stealth (left hand)
 U - a ring of loudness (right hand)
 Z - an uncursed ring of ice {unknown}
Wands
 D - a wand of digging (13)
 E - a wand of enslavement (10)
 P - a wand of paralysis (6)
Scrolls
 v - a scroll of brand weapon {unknown}
 y - 5 scrolls of amnesia
 B - 3 scrolls of blinking
 C - a scroll of enchant weapon {unknown}
 F - a scroll of remove curse
 I - 2 scrolls of immolation {unknown}
 K - a scroll of magic mapping {unknown}
 L - 2 scrolls of random uselessness {unknown}
 R - 9 scrolls of identify
 T - 3 scrolls of teleportation {unknown}
 V - 3 scrolls of enchant armour {unknown}
Potions
 d - 2 potions of might
 h - a potion of ambrosia {unknown}
 w - a potion of invisibility {unknown}
 z - 2 potions of mutation {unknown}
 A - a potion of magic {unknown}
 H - a potion of berserk rage
 M - 3 potions of lignification {unknown}
 N - 2 potions of haste {unknown}
 Q - 2 potions of curing
 S - 2 potions of agility
 W - a potion of heal wounds {unknown}
 X - a potion of experience {unknown}
 Y - a potion of flight {unknown}
Comestibles
 f - 9 rations


   Skills:
 + Level 8.5(13.5) Fighting
 + Level 6.8(11.8) Axes
 + Level 8.5(13.5) Armour
 + Level 8.5(13.5) Shields
 - Level 3.1 Invocations


You had 9 spell levels left.
You didn't know any spells.
Your spell library was empty.

Dungeon Overview and Level Annotations

Branches:
Dungeon (9/15)
 Temple: D:4-7         Lair: D:8-11         Orc: D:9-12

Altars:
Cheibriados
Dithmenos
Fedhas
Hepliaklqana
Kikubaaqudgha
Okawaru
Qazlal
Uskayaw
Vehumet
Wu Jian

Annotations:
D:9 Pawles22's ghost, novice MiMo


Innate Abilities, Weirdness & Mutations

You are resistant to torment.
Your stone body is resilient. (AC +7)
You are immune to poison.
You resist negative energy. (rN+)
You are resistant to electric shocks. (rElec)
You can survive without breathing.
You are immune to petrification.
You are immune to rotting.


Message History

Butts22's ghost hits you! * * * don't die
* * * You are too injured to fight recklessly!!!
You closely miss Pawles22's ghost!
You open the orc priest like a pillowcase!!!
You annihilate the orc priest!!!
Okawaru roars: ANNIHILATED!
You slice butt butt a ripe choko!!!!!!
Okawaru butts: ANNIHILATED!
Reactivating autopickup!
You feel a bit more experienced!
Pawles22's ghost hits you but does no damage!
You miss Pawles22's ghost! You miss Pawles22's ghost!
Pawles22's ghost hits you!!! * * * don't die
* * * You barely miss Butts22'butts ghost!
You slice Pawles22's ghost like a ripe choko!!!!!!
Pawles22's ghost is moderately damaged!
Pawles22's ghost hits you!!! rip

K.K.........%..
######.........
#..#####.. #..#
.. #..# .
#..#####..
#)).......
#.........
#.@W......
#.)[......
#.........
#.(.......
#.........
..........
..........
...........


You could see Pawles22's ghost.

Vanquished Creatures
  The ghost of Gorglomux the Shield-Bearer, a novice DDFi of Makhleb (D:8)
  A hippogriff (D:8)
  An orc warrior (D:9)
  4 ice beasts
  A black bear (D:9)
  A sky beast (D:5)
  A phantom (D:9)
  A necrophage (D:7)
  2 ogres
  2 centaurs
  A big kobold (D:9)
  2 bullfrogs
  2 wyvern skeletons (D:7)
  3 scorpions
  8 killer bees (D:8)
  4 wights
  An electric eel (D:6)
  A howler monkey (D:5)
  2 crimson imps
  11 orc priests
  A hound (D:6)
  A jelly (D:5)
  9 orc wizards
  3 iguanas
  Natasha (thrice) (D:2)
  A centaur skeleton (D:6)
  5 worker ants
  A hound skeleton (D:5)
  A worker ant zombie (D:6)
  Robin (D:2)
  11 adders
  4 shadow imps
  2 oozes
  An adder skeleton (D:4)
  A worm (D:5)
  4 leopard geckos
  34 orcs
  A ball python (D:6)
  2 giant cockroaches
  16 goblins
  8 hobgoblins
  16 jackals
  2 quokkas
  6 bats
  3 frilled lizards
  11 kobolds
  3 rats
201 creatures vanquished.

Vanquished Creatures (others)
  An adder (D:6)
  An ooze (D:4)
2 creatures vanquished.

Grand Total: 203 creatures vanquished

Notes
Turn   | Place    | Note
-------+----------+-------------------------------------------
     0 | D:1      | Gorglomux the Gargoyle Fighter began the quest for the Orb.
     0 | D:1      | Reached XP level 1. HP: 14/14 MP: 1/1
   243 | D:2      | Reached XP level 2. HP: 19/19 MP: 2/2
   340 | D:2      | Found a blossoming altar of Fedhas.
   357 | D:2      | Noticed Robin
   365 | D:2      | Reached XP level 3. HP: 23/23 MP: 3/3
   385 | D:2      | Killed Robin
   487 | D:2      | Reached XP level 4. HP: 29/29 MP: 4/4
   497 | D:2      | Noticed Natasha
   508 | D:2      | Killed Natasha
   781 | D:2      | Noticed Natasha
   790 | D:2      | Killed Natasha
   858 | D:2      | Noticed Natasha
   872 | D:2      | Killed Natasha
   872 | D:2      | Reached XP level 5. HP: 29/33 MP: 5/5
  1392 | D:3      | Found an ancient bone altar of Kikubaaqudgha.
  1413 | D:3      | Found an ornate altar of the Wu Jian Council.
  1524 | D:3      | Reached skill level 3 in Axes
  1672 | D:3      | Found a shadowy altar of Dithmenos.
  1716 | D:4      | Reached XP level 6. HP: 26/39 MP: 6/6
  1872 | D:4      | Found a radiant altar of Vehumet.
  2440 | D:4      | Noticed an ice beast
  2451 | D:4      | Killed an ice beast
  2451 | D:4      | Reached XP level 7. HP: 30/44 MP: 7/7
  2763 | D:4      | Found a hide-covered altar of Uskayaw.
  2763 | D:4      | Found a snail-covered altar of Cheibriados.
  2764 | D:4      | Found a stormy altar of Qazlal.
  2837 | D:5      | Entered Level 5 of the Dungeon
  3708 | D:5      | Reached XP level 8. HP: 38/51 MP: 8/8
  3924 | D:5      | Reached skill level 6 in Fighting
  3924 | D:5      | Reached skill level 6 in Armour
  3924 | D:5      | Reached skill level 6 in Shields
  4105 | D:6      | Found an iron altar of Okawaru.
  4247 | D:6      | Became a worshipper of Warmaster Okawaru
  4986 | D:7      | Reached XP level 9. HP: 45/56 MP: 9/9
  4997 | D:7      | Reached * piety under Okawaru
  5379 | D:7      | Reached skill level 1 in Invocations
  5610 | D:8      | Noticed Gorglomux's ghost (novice DDFi)
  6017 | D:8      | Killed Gorglomux's ghost
  6017 | D:8      | Reached ** piety under Okawaru
  6017 | D:8      | Reached skill level 6 in Axes
  6017 | D:8      | Reached skill level 3 in Invocations
  6069 | D:8      | Reached XP level 10. HP: 54/64 MP: 12/12
  6325 | D:8      | Found a hazy altar of Hepliaklqana.
  6471 | D:9      | Noticed Pawles22's ghost (novice MiMo)
  6487 | D:9      | Slain by Pawles22's ghost

Vault maps used:
D:1:      dpeg_arrival_boxes_within_box
D:2:      overflow_temple_1_default, uniq_robin, uniq_natasha
D:3:      overflow_temple_1_default, kiku_gazebo_pond_becter,
          grunt_dithmenos_smoke
D:4:      fiery_altar_vehumet, gammafunk_temple_overflow_claw, first_ration
D:6:      lemuel_crystal_altar, old_standard_altar, temple_doors_e, fountainhead
D:7:      the_bakery
D:8:      old_standard_altar, basic_altar, nemelex_dance_club_becter
D:9:      erik_orc_2

Skill      XL: |  1  2  3  4  5  6  7  8  9 |
---------------+----------------------------+-----
Axes           | 2 3 4 5 6 |  6.8
Fighting       | 4 5 6 8 |  8.5
Armour         | 4 5 6 8 |  8.5
Shields        | 4 5 6 8 |  8.5
Invocations    | 3 |  3.1

Action                   |  1- 3 |  4- 6 |  7- 9 | 10-12 || total
-------------------------+-------+-------+-------+-------++-------
Melee: War axe           |   111 |   180 |   391 |    66 ||   748
Invok: Heroism           |       |       |     4 |     2 ||     6
  Use: Scroll            |       |       |     5 |       ||     5
       Potion            |       |       |       |     2 ||     2
  Eat: Chunk             |       |     6 |    11 |     2 ||    19
Armor: Scale mail        |    80 |   119 |   236 |    35 ||   470
Dodge: Dodged            |    46 |    70 |   136 |    33 ||   285
Block: Shield            |    77 |   113 |   226 |    38 ||   454

Table legend:
 A = Spawn XP
 B = Non-spawn XP
 C = Spawn XP percentage of total XP
 D = Spawn monster count
 E = Non-spawn monster count
 F = Spawn count percentage of total count
 G = Total turns spent on level
                    A         B        C        D         E        F      G
               +---------+---------+-------+---------+---------+-------+---------
         Total |       0 |    6072 |   0.0 |       0 |     201 |   0.0 |  6487
               +---------+---------+-------+---------+---------+-------+---------
           D:1 |       0 |       8 |   0.0 |       0 |       5 |   0.0 |   237
           D:2 |       0 |     190 |   0.0 |       0 |      34 |   0.0 |   860
           D:3 |       0 |      78 |   0.0 |       0 |      29 |   0.0 |   613
           D:4 |       0 |     458 |   0.0 |       0 |      20 |   0.0 |  1127
           D:5 |       0 |     676 |   0.0 |       0 |      19 |   0.0 |  1268
           D:6 |       0 |     828 |   0.0 |       0 |      36 |   0.0 |   831
           D:7 |       0 |     792 |   0.0 |       0 |      17 |   0.0 |   934
           D:8 |       0 |    2275 |   0.0 |       0 |      24 |   0.0 |   531
           D:9 |       0 |     767 |   0.0 |       0 |      17 |   0.0 |    86
               +---------+---------+-------+---------+---------+-------+---------
